dolores, lawful female human Monk -- . --- .- --..- .| |.... ---.| ....- ----...| -...--....GM| |.........@.---- ----........%..| -- |....[......| --. ----.......*.--- |... --- ...-..--.--- | ..-- | ... |.)-|--- ---- ----.-- --...---...------ |..---- |..| .G. |......|..--|-....----..| .G.. -|..........--......|....| -. |--......*.....<%..(.....| -- | ----.....---..........-- - | -- ---.--- |..--.--.--- --- ---------- dolores the Monk Experience level: 9 Strength: 18/01 Dexterity: 13 Constitution: 12 Intelligence: 9 Wisdom: 16 Charisma: 8 Health: 0(63) Energy: 56(56) Def: 6 Gold: 0 Moves: 3532 Dungeon seed [set]: Game ID: dolores_1671932838 Your Inventory: Weapons g - 5 uncursed +1 darts k - 4 blessed +0 shuriken (in quiver) s - a blessed +2 dart A - an uncursed poisoned +0 dart N - 4 uncursed +0 darts O - 5 uncursed +0 daggers T - an uncursed +2 orcish dagger named Dagger of Bloodlust Armor e - an uncursed +0 dwarvish cloak n - an uncursed +1 robe (being worn) z - an uncursed +0 orcish helm (being worn) Comestibles d - 7 uncursed food rations h - 5 uncursed fortune cookies t - 2 uncursed lichen corpses E - 2 uncursed tripe rations Scrolls b - an uncursed scroll of teleportation q - 2 uncursed scrolls of light Z - an uncursed scroll of blank paper Spellbooks a - a blessed spellbook of protection Potions c - 3 uncursed potions of healing w - an uncursed potion of water D - a blessed potion of confusion H - a potion of holy water S - an uncursed potion of confusion V - an uncursed potion of oil Wands i - an uncursed wand of enlightenment (0:3) o - an uncursed wand of nothing (0:5) p - a blessed wand of magic missile (0:7) u - an uncursed wand of make invisible (0:5) v - an uncursed wand of digging (0:6) J - an uncursed wand of digging (0:5) L - an uncursed wand of light (0:13) R - an uncursed wand of locking (0:6) W - an uncursed wand of undead turning (0:7) X - an uncursed wand of digging (0:6) Y - an uncursed wand of make invisible (0:3) Tools j - an uncursed oil lamp (0:1331) m - an uncursed tin whistle x - an uncursed tin opener B - an uncursed magic marker (0:72) C - an uncursed magic whistle F - an uncursed blindfold Gems r - an uncursed jasper Spells and supernatural/magical abilities: Name Level Category Fail Memory p - protection 1 clerical 0% 83% W - pray for help -- divine ? -- Your skills at the end: Miscellaneous Skills martial arts [Expert] wands [Basic] stealth [Skilled] Weapon Skills shuriken [Basic] Spellcasting Skills healing spells [Basic] Final Attributes: You were fervently aligned. You were sleep resistant. You were poison resistant. You had wounded legs. Your writing hand was ok. You saw invisible. You were warned. You had automatic searching. You were clairvoyant. You were stealthy. You were protected. You were fast. You are dead. Vanquished creatures: 2 quantum mechanics a xan a flaming sphere an ochre jelly a chameleon a giant beetle a black light 25 leprechauns a dwarf mummy an owlbear a yeti a dog a jaguar a water nymph a fire ant a yellow light 2 bugbears an imp 2 Uruk-hai an orc shaman a rock piercer a shrieker 11 gnome lords 2 gnomish wizards 3 jellyfish a kobold mummy a golden naga hatchling 2 gray oozes a straw golem a paper golem a giant ant a floating eye 2 kittens 2 dwarves 4 quasits a kobold lord an iguana 5 hill orcs 2 rothes a rabid rat a centipede 3 giant bats a monkey 2 coyotes a gas spore 3 hobbits a large kobold 2 geckos a hobgoblin 4 giant rats a cave spider 2 yellow molds a green mold 2 red molds 27 gnomes 4 garter snakes 4 manes 7 jackals 3 newts 3 goblins 4 sewer rats 7 grid bugs 3 bats 6 lichens 184 creatures vanquished. Voluntary challenges: You were vegetarian. You did not cause conflict. You were not invisible. You did not have reflection. You were not displaced. You had been an atheist until turn 2711. You donated to a temple 1 time (receiving 2 points of protection), starting on turn 3355. You received temple protection 1 time, starting on turn 3355. You never hit with a wielded weapon. You did not apply a unicorn horn. You did not use plumbed fixtures. You read items or engraved 16 times, starting on turn 792. You never genocided any monsters. You never polymorphed an object. You never changed form. You used no wishes. You did not use any artifacts. You never split a pudding. You wrote Elbereth's name 1 time, starting on turn 2973. You never violated your personal moral code. Dungeon overview: The Dungeons of Doom: levels 1 to 8 Level 1 a fountain a long staircase Level 2 a shop, a fountain Level 3 a bookstore Level 4 stairs to The Gnomish Mines Level 5 Level 6 many fountains Level 7 a vault stairs to Sokoban Level 8 The Gnomish Mines: levels 5 to 11 Level 5 stairs to The Dungeons of Doom Level 6 Level 7 Level 8 some shops, a temple to Huan Ti, a magic chest, some trees Level 9 Level 10 Level 11 <- You were here Sokoban: Level 6 a magic chest stairs to The Dungeons of Doom History has recorded: On T:1 you entered the Dungeons of Doom to retrieve the Amulet of Yendor! On T:201 you reached level 2 of The Dungeons of Doom. On T:333 you reached level 3 of The Dungeons of Doom. On T:424 you advanced to experience level 2. On T:435 you reached level 4 of The Dungeons of Doom. On T:493 you advanced to experience level 3. On T:633 you reached level 5 of The Dungeons of Doom. On T:685 you reached level 6 of The Dungeons of Doom. On T:784 you reached level 1 of The Gnomish Mines. On T:786 you advanced to experience level 4. On T:1071 you advanced to experience level 5. On T:1199 you reached level 7 of The Dungeons of Doom. On T:1280 you advanced to experience level 6. On T:1385 you advanced to experience level 7. On T:1597 you reached level 4 of Sokoban. On T:1692 you opened a magic chest. On T:1868 you reached level 8 of The Dungeons of Doom. On T:1967 you advanced to experience level 8. On T:1973 you advanced to experience level 9. On T:2178 you reached level 2 of The Gnomish Mines. On T:2235 you reached level 3 of The Gnomish Mines. On T:2305 you reached level 4 of The Gnomish Mines. On T:2709 you entered the Minetown temple On T:2948 you reached level 5 of The Gnomish Mines. On T:3211 you reached level 6 of The Gnomish Mines. On T:3489 you reached level 7 of The Gnomish Mines. Score breakdown: Gold: 0 ( 0 points) Experience: 9 levels ( 800 points) Exploration: 11 levels ( 300 points) Discoveries: 31 items ( 1550 points) Variety of kills: 64 monsters ( 2000 points) Major goal: reached Minetown ( 500 points) Survival: died (score multiplied by 3) Total score: 15450 Latest messages: The gnome punches you! You kill the gnome! You see here a violet gem. You see here a dart. s - a dart. A little dart shoots out at you! You are almost hit by a little dart. You strike the yeti! The yeti claws you! (2x) The yeti misses. You kill the yeti! You strike the xan! The xan pricks your left leg! You kill the xan! You destroy the kobold mummy! There are a few objects here. The giant mummy scratches you! (2x) The gnome misses. You strike the giant mummy! The giant mummy scratches you! You die... Your body rises from the dead as a human mummy... Final status: Goodbye dolores the Monk, killed by a giant mummy... You died in The Gnomish Mines on dungeon level 11 with 15450 points, and 0 pieces of gold, after 3532 moves. You were level 9 with a maximum of 63 hit points when you died.